Map: Pride of Altaris LE

Players

NoQuidProQuo

  • Race: Zerg Zerg
  • Spawn Location: 11:00

Boots - Winner!

  • Race: Zerg Zerg
  • League: Diamond
  • Spawn Location: 5:00

VOD

Have the link to the VOD?

Description

Time

  • Played on: June 8, 2022, 4:39 a.m.
  • Length: 16:44
Show
View Real Time Build Order
Export as new Build Order

NoQuidProQuo Zerg 

Build Orders: Hatch First, Lurkers 

Get SALT Encoding   

  12  0:02  Drone  
  13  0:08  Drone  
  14  0:15  Extractor  
  14  0:16  Drone  
  14  0:21  Extractor  
  14  0:22  Drone  
  16  0:42  Hatchery  
  15  0:48  Extractor  
  15  0:49  Extractor  
  13  0:50  Drone  
  15  1:05  Spawning Pool  
  15  1:10  Extractor  
  14  1:11  Drone  
  14  1:14  Extractor, Drone  
  16  1:20  Overlord  
  16  1:39  Drone x2  
  18  1:53  Queen  
  20  1:57  Queen  
  20  2:01  Metabolic Boost  
  22  2:04  Drone  
  22  2:06  Drone  
  24  2:12  Overlord  
  24  2:17  Drone  
  24  2:18  Drone  
  24  2:21  Drone  
  27  2:24  Drone  
  27  2:28  Extractor, Drone  
  29  2:32  Overlord  
  29  2:42  Zergling x4  
  31  2:51  Zergling x4  
  33  3:02  Zergling x4  
  33  3:04  Baneling Nest  
  34  3:07  Zergling x12  
  40  3:13  Overlord  
  40  3:16  Zergling x2  
  41  3:28  Drone x2  
  43  3:35  Hatchery, Drone  
  43  3:41  Extractor  
  43  3:46  Drone x2  
  43  3:47  Drone  
  43  3:52  Evolution Chamber  
  38  4:02  Drone x5  
  38  4:15  Drone x6  
  42  4:19  Zerg Missile Weapons Level 1  
  42  4:27  Evolution Chamber  
  41  4:31  Drone x2  
  41  4:34  Lair  
  41  4:35  Drone  
  44  4:43  Roach Warren, Drone  
  44  4:54  Drone x6  
  44  4:55  Drone  
  44  4:56  Drone  
  52  5:01  Overlord  
  52  5:05  Zerg Ground Armor Level 1  
  52  5:07  Overlord  
  52  5:14  Queen  
  52  5:17  Drone x3  
  52  5:19  Drone  
  52  5:21  Drone  
  59  5:22  Drone  
  59  5:24  Drone  
  61  5:29  Overlord  
  61  5:36  Drone x2  
  61  5:37  Overlord  
  61  5:39  Drone  
  61  5:41  Roach  
  61  5:42  Roach x2  
  70  5:44  Drone  
  71  5:50  Spore Crawler  
  71  5:54  Glial Reconstitution  
  71  5:57  Roach x5  
  74  6:01  Overlord  
  80  6:05  Extractor  
  80  6:06  Extractor  
  80  6:09  Overlord  
  80  6:11  Roach x2  
  80  6:13  Overlord  
  80  6:16  Extractor x2  
  80  6:20  Roach x3  
  80  6:21  Overlord  
  86  6:34  Roach  
  86  6:35  Roach x3  
  86  6:38  Drone x3  
  86  6:39  Drone x4  
  101  6:51  Roach x3  
  101  6:56  Roach  
  101  6:57  Roach x3  
  101  6:58  Overlord x3  
  101  7:04  Roach  
  101  7:05  Roach x3  
  101  7:08  Roach x2  
  97  7:16  Roach  
  93  7:24  Queen  
  93  7:27  Roach x6  
  101  7:39  Roach  
  101  7:40  Roach x6  
  101  7:42  Hatchery  
  101  7:43  Roach  
  106  7:50  Roach x2  
  104  7:57  Roach  
  104  7:58  Roach x7  
  108  8:08  Ravager x6  
  108  8:11  Roach x2  
  108  8:12  Roach x2  
  120  8:34  Hatchery  
  120  8:39  Roach  
  120  8:40  Roach x4  
  120  8:41  Overlord x4  
  129  8:57  Overlord  
  129  9:00  Zerg Ground Armor Level 2, Zerg Missile Weapons Level 2  
  129  9:04  Roach x7  
  143  9:18  Drone x3  
  143  9:23  Queen  
  148  9:25  Overlord  
  148  9:33  Hydralisk Den  
  148  9:35  Tunneling Claws, Infestation Pit  
  146  9:38  Pneumatized Carapace  
  146  9:40  Burrow  
  146  9:41  Extractor x2  
  146  9:45  Drone x13  
  157  9:47  Drone  
  157  9:50  Queen  
  156  10:23  Overlord x4  
  156  10:25  Roach  
  156  10:26  Roach x9  
  156  10:27  Overlord  
  176  10:33  Lurker Den  
  176  10:34  Hive  
  175  10:36  Overlord  
  175  10:44  Drone x3  
  175  10:45  Drone x2  
  175  10:46  Drone x2  
  182  10:50  Drone x2  
  182  10:51  Hatchery  
  182  10:55  Hydralisk x3  
  182  10:56  Hydralisk x2  
  182  10:57  Hydralisk  
  193  11:04  Muscular Augments  
  195  11:13  Roach x33  
  195  11:14  Ravager  
  195  11:15  Ravager x4  
  200  11:20  Overseer  
  200  11:25  Roach x31  
  101  12:02  Roach x5  
  101  12:03  Roach x18  
  147  12:13  Overseer  
  147  12:15  Grooved Spines  
  122  12:28  Hydralisk  
  122  12:29  Hydralisk x10  
  121  12:32  Roach x8  
  121  12:35  Roach x6  
  121  12:36  Adaptive Talons  
  136  12:48  Extractor  
  134  12:57  Lurker x6  
  134  12:58  Lurker x2  
  136  13:03  Overseer  
  136  13:08  Roach x4  
  136  13:09  Roach x4  
  125  13:25  Lair  
  119  13:31  Spawning Pool  
  118  13:36  Overseer x4  
  118  13:41  Overlord x3  
  118  13:42  Overlord x3, Spore Crawler  
  118  13:43  Spore Crawler  
  118  13:44  Hatchery  
  118  13:46  Spore Crawler  
  118  13:47  Spore Crawler  
  113  13:56  Seismic Spines  
  113  13:59  Hydralisk  
  113  14:00  Hydralisk x2  
  93  14:10  Hydralisk x2  
  97  14:23  Hydralisk x2  
  99  14:26  Hatchery  
  99  14:28  Lurker x3  
  94  14:39  Roach x3  
  94  14:40  Roach x3  
  26  15:30  Hydralisk  
  26  15:31  Hydralisk x2  
  29  15:49  Queen  
  29  15:52  Hydralisk x3  
  29  15:56  Lurker  
  40  16:07  Drone x2  
  40  16:09  Drone  
  40  16:10  Drone  
  42  16:15  Hydralisk  
  42  16:16  Hydralisk  
  46  16:19  Lurker  
  46  16:23  Extractor x2  
Show
View Real Time Build Order
Export as new Build Order

Boots Zerg - Winner!

Build Orders: Hatch First, Lurkers 

Get SALT Encoding   

  12  0:00  Drone  
  13  0:12  Overlord  
  13  0:23  Drone  
  13  0:26  Extractor, Drone  
  15  0:31  Drone  
  16  0:50  Hatchery  
  16  0:53  Drone  
  16  0:57  Drone  
  16  1:01  Drone  
  18  1:11  Extractor  
  17  1:17  Spawning Pool  
  16  1:19  Drone  
  16  1:22  Drone  
  18  1:29  Drone  
  19  1:39  Drone  
  20  1:50  Drone  
  21  2:04  Queen x2  
  21  2:06  Zergling x2  
  21  2:07  Zergling x2  
  27  2:12  Overlord  
  27  2:21  Drone  
  28  2:27  Hatchery  
  28  2:28  Drone  
  28  2:34  Metabolic Boost  
  28  2:40  Queen  
  30  2:48  Queen  
  32  2:59  Overlord  
  32  3:03  Overlord  
  32  3:04  Drone x2  
  34  3:17  Roach Warren  
  33  3:21  Evolution Chamber  
  33  3:26  Evolution Chamber  
  31  3:32  Drone x3  
  31  3:33  Drone x2  
  36  3:39  Queen  
  38  3:55  Spine Crawler  
  34  3:57  Roach x3  
  40  4:09  Overlord  
  39  4:11  Overlord  
  39  4:24  Drone x6  
  40  4:25  Drone x3  
  40  4:28  Extractor  
  47  4:39  Drone  
  47  4:40  Drone x2  
  47  4:43  Drone  
  47  4:44  Drone  
  52  4:45  Extractor  
  52  4:47  Drone x2  
  52  4:52  Zergling x2  
  54  5:04  Lair  
  54  5:06  Roach  
  56  5:09  Overlord  
  56  5:10  Overlord  
  56  5:16  Extractor, Drone x3  
  56  5:17  Drone x2  
  56  5:18  Drone  
  61  5:23  Zerg Missile Weapons Level 1  
  61  5:32  Drone  
  62  5:41  Hatchery, Roach x2  
  62  5:42  Roach x3  
  71  5:53  Roach x3  
  71  5:54  Roach  
  79  6:01  Glial Reconstitution  
  79  6:07  Roach x4  
  87  6:22  Overlord x4  
  86  6:47  Roach  
  86  6:48  Roach x10  
  100  7:02  Roach  
  100  7:03  Roach x5  
  106  7:08  Zerg Ground Armor Level 1  
  100  7:29  Roach  
  96  7:30  Roach x7  
  102  7:38  Roach  
  102  7:39  Roach x3  
  98  7:52  Roach  
  98  7:53  Roach x4  
  102  8:06  Roach x4  
  102  8:10  Zerg Missile Weapons Level 2  
  106  8:39  Drone x6  
  112  8:42  Overlord x2  
  112  8:43  Overlord x3  
  112  8:44  Overseer  
  112  8:55  Hydralisk Den  
  111  8:56  Infestation Pit  
  110  9:10  Extractor, Drone x3  
  110  9:11  Extractor, Drone x3  
  110  9:12  Drone  
  110  9:13  Drone x4  
  119  9:21  Roach x4  
  119  9:23  Ravager x4  
  119  9:24  Ravager x3  
  134  9:30  Grooved Spines  
  134  9:42  Lurker Den  
  134  9:44  Drone x3  
  136  9:58  Hatchery, Hydralisk  
  136  9:59  Hydralisk x4  
  141  10:04  Overlord x2  
  141  10:18  Overlord x3  
  141  10:19  Overseer  
  141  10:33  Hydralisk x5  
  151  10:40  Overlord x3  
  151  10:43  Hive  
  151  10:46  Lurker x3  
  151  10:49  Lurker  
  155  11:03  Zerg Ground Armor Level 2  
  155  11:16  Queen, Extractor  
  155  11:17  Extractor, Drone x2  
  155  11:18  Drone x4  
  160  11:19  Drone x3  
  160  11:20  Drone x2  
  160  11:21  Drone  
  160  11:24  Lurker x3  
  170  11:30  Muscular Augments  
  154  11:53  Hydralisk x7  
  154  11:54  Hydralisk x2  
  151  12:21  Roach x5  
  151  12:22  Roach x14  
  187  13:19  Overseer  
  185  13:20  Overseer x2  
  185  13:25  Roach  
  185  13:26  Roach x3  
  188  13:55  Roach Warren  
  186  13:56  Hydralisk Den  
  186  14:01  Seismic Spines  
  185  14:09  Hatchery  
  182  14:10  Extractor x2  
  180  14:18  Hatchery  
  180  14:19  Lair  
  179  14:28  Drone x3  
  179  14:29  Drone x2  
  159  15:10  Roach x12  
  93  15:37  Queen  
  93  15:42  Queen  
  97  15:43  Hydralisk x7  
  97  15:44  Hydralisk x14  
  97  15:48  Overseer  
  97  15:49  Overseer  
  139  15:50  Overseer  
  139  15:52  Overseer  
  139  15:55  Hydralisk x2  
  143  16:04  Spire  
  143  16:05  Spire  
  141  16:12  Lurker x9  
  141  16:13  Lurker  
  141  16:16  Roach x10  
  141  16:17  Roach  
  173  16:28  Spine Crawler  
  173  16:29  Spine Crawler, Drone  
  173  16:31  Spine Crawler x2  
Tags
 
Add a new tag
Caveats
  • Supply blocks, unpowered buildings, or Contaminate may cause inaccurate times.
  • Supply counts are checked every 10 seconds.